 Dungeon Crawl Stone Soup version 0.28-a0-794-gafe8c5f9e9 (webtiles) character file.

Game seed: 8337248927863839421

7 kae the Caller (level 2, 0/16 HPs)
             Began as a Tengu Summoner on Nov 5, 2021.
             Constricted to death by a ball python (1 damage)
             ... on level 1 of the Dungeon.
             The game lasted 00:00:22 (338 turns).

kae the Caller (Tengu Summoner)                      Turns: 338, Time: 00:00:22

Health: 0/16       AC:  2    Str:  8    XL:     2   Next: 0%
Magic:  5/6        EV:  9    Int: 15    God:
Gold:   14         SH:  0    Dex: 14    Spells: 2/5 levels left

rFire   . . .      SeeInvis .   (no weapon)
rCold   . . .      Faith    .   (no shield)
rNeg    . . .      Spirit   .   a - +0 robe
rPois   .          Reflect  .   (helmet restricted)
rElec   .          Harm     .   (no cloak)
rCorr   .          Rampage  .   (no gloves)
Will    .....                   (boots unavailable)
Stlth   ++........              (no amulet)
HPRegen 0.05/turn               (no ring)
MPRegen 0.10/turn               (no ring)

@: constricted
A: beak, talons 3
a: no special abilities


You were on level 1 of the Dungeon.
You visited 1 branch of the dungeon, and saw 1 of its levels.

You collected 14 gold pieces.

Inventory:

Armour
 a - a +0 robe (worn)


   Skills:
 + Level 0.4 Fighting
 - Level 2.1 Dodging
 - Level 2.0 Stealth
 + Level 2.1 Spellcasting
 * Level 5.1 Summonings


You had 2 spell levels left.
You knew the following spells:

 Your Spells              Type           Power      Damage    Failure   Level
a - Summon Small Mammal   Summ           64%        N/A       2%          1
b - Call Imp              Summ           16%        N/A       4%          2

Your spell library contained the following spells:

 Spells                   Type           Power      Damage    Failure   Level
 Call Canine Familiar     Summ           16%        N/A       9%          3
 Summon Guardian Golem    Hex/Summ       9%         N/A       22%         3
 Summon Lightning Spire   Summ/Air       9%         N/A       58%         4


Dungeon Overview and Level Annotations

Branches:
Dungeon (1/15)

Altars:


Innate Abilities, Weirdness & Mutations

You have a beak for a mouth.
You have claws for feet.


Message History

The hobgoblin shouts!
You hear an angry hiss.
You closely miss the hobgoblin. You claw the hobgoblin.
The hobgoblin is severely wounded.
The hobgoblin hits you.
You barely miss the hobgoblin. Your kick misses the hobgoblin.
The hobgoblin is severely wounded.
Your rat bites the hobgoblin but does no damage.
The hobgoblin hits your rat.
Your rat dies!
Your rat's corpse disappears in a puff of smoke!
The hobgoblin shouts!
You hit the hobgoblin but do no damage. Your kick misses the hobgoblin.
The hobgoblin is severely wounded.
The hobgoblin closely misses you.
You hit the hobgoblin but do no damage.
The hobgoblin is severely wounded.
The hobgoblin hits you.
A ball python comes into view.
The ball python hisses angrily.
The hobgoblin barely misses you.
You hit the hobgoblin but do no damage. Your kick misses the hobgoblin.
Your peck misses the hobgoblin.
The hobgoblin is severely wounded.
The hobgoblin hits you.
You are too injured to fight recklessly!
You are too injured to fight recklessly!
You are too injured to fight recklessly!
The hobgoblin hits you.
The hobgoblin hits you but does no damage.
The ball python misses you. The ball python grabs you.
The ball python constricts you.
Casting: Summon Small Mammal (safe; 2% risk of failure)
Confirm with . or Enter, or press ? or * to list all spells.
The ball python bites you.
* * * LOW HITPOINT WARNING * * *
The ball python constricts you. The ball python bites you.
* * * LOW HITPOINT WARNING * * *
The ball python constricts you.
You die...

#.###.........#
#.............#
#####.#.......#
#.##.....##
#.......##
#..########## #..#
#... #..######.###
###..##>@Sg...#
#.......###.#.#
#.#...r.###.#.#
#####.#............
#..............##.##
#.....#............
#.#####.#.#.......##
#.#.#.#####..
#.#.#..


You could see a hobgoblin, a ball python (ally target) and a friendly quokka
(summoned).

Vanquished Creatures
  A giant cockroach (D:1)
  A goblin (D:1)
2 creatures vanquished.

Vanquished Creatures (collateral kills)
  2 jackals (D:1)
  A ball python (D:1)
  A bat (D:1)
4 creatures vanquished.

Grand Total: 6 creatures vanquished

Notes
Turn   | Place    | Note
-------+----------+-------------------------------------------
     0 | D:1      | kae the Tengu Summoner began the quest for the Orb.
     0 | D:1      | Reached XP level 1. HP: 10/10 MP: 4/4
   195 | D:1      | Reached skill level 5 in Summonings
   216 | D:1      | Reached XP level 2. HP: 13/16 MP: 4/6
   272 | D:1      | Learned a level 2 spell: Call Imp
   338 | D:1      | Constricted to death by a ball python

Illustrated notes

Levels and vault maps discovered:
D:1:      lightli_arrival_flooded_house, layout_loops_ring,
          hellmonk_ecumenical_altar_watching_god, minmay_tromino_v7

Skill      XL: |  1 |
---------------+----+-----
Summonings     | 5 |  5.1
Fighting       | |  0.4
Dodging        | |  2.1
Stealth        | |  2.0
Spellcasting   | |  2.1

Action                   || total
-------------------------++-------
Melee: Unarmed           ||    21
       Kick              ||     4
       Peck              ||     3
 Cast: Summon Small Mamm ||     8
Armor: Robe              ||     9
Dodge: Dodged            ||    26

Table legend: (Time is in decaauts)
 A = Elapsed time spent in this place.
 B = Non-inter-level travel time spent in this place.
 C = Inter-level travel time spent in this place.
 D = Time resting spent in this place.
 E = Time spent auto-exploring this place.
 F = Levels seen in this place.
 G = Mean time per level.
                   A        B        C        D        E       F      G
               +--------+--------+--------+--------+--------+-----+--------+
         Total |    338 |    338 |      0 |    128 |    119 |   1 |  338.0 |
       Dungeon |    338 |    338 |      0 |    128 |    119 |   1 |  338.0 |
               +--------+--------+--------+--------+--------+-----+--------+

Top non-repeatable levels by time:
     D:1: 338 daAuts
